 Dungeon Crawl Stone Soup version 0.27-a0-1196-g3e9cee4cb2 (webtiles) character file.

Game seed: 492445759950840688

3852 polve the Spear-Bearer (level 10, -7/88 HPs)
             Began as a Merfolk Berserker on May 29, 2021.
             Was a Believer of Trog.
             Mangled by a two-headed ogre
             ... wielding a +0 giant club
              (21 damage)
             ... on level 7 of the Dungeon.
             The game lasted 00:07:57 (8897 turns).

polve the Spear-Bearer (Merfolk Berserker)          Turns: 8897, Time: 00:07:57

Health: -7/88      AC:  9    Str: 18    XL:     10   Next: 18%
Magic:  10/10      EV: 17    Int:  7    God:    Trog [**....]
Gold:   340        SH:  0    Dex: 16    Spells: 9/9 levels left

rFire    . . .     SeeInvis .   a - +2 spear (venom)
rCold    . . .     Faith    .   (no shield)
rNeg     . . .     Spirit   .   b - +0 animal skin
rPois    .         Reflect  .   k - +2 helmet
rElec    .         Harm     .   K - scarf {repulsion}
rCorr    .         Rampage  .   (no gloves)
Will     .....                  (no boots)
Stlth    +.........             B - amulet of regeneration
HPRegen  1.24/turn              s - ring of flight
MPRegen  0.12/turn              (no ring)

@: on berserk cooldown, flying, slowed, repel missiles, very slow
A: (nimble swimmer 2), mertail, iridescent scales 2, robust 1
a: Renounce Religion, Berserk, Trog's Hand


You were on level 7 of the Dungeon.
You worshipped Trog.
Trog was pleased with you.
You visited 1 branch of the dungeon, and saw 7 of its levels.
You also visited: Sewer.

You collected 340 gold pieces.

Inventory:

Hand Weapons
 a - a +2 spear of venom (weapon)
Missiles
 v - 2 throwing nets
 x - a curare-tipped dart
Armour
 b - a +0 animal skin (worn)
 k - a +2 helmet (worn)
 K - a scarf of repulsion (worn)
Jewellery
 s - a ring of flight (left hand)
 B - an amulet of regeneration (around neck)
Wands
 q - a wand of polymorph (6)
 y - a wand of flame (13)
 I - a wand of iceblast (5)
Scrolls
 c - 2 scrolls of fog {unknown}
 d - 8 scrolls of identify {unknown}
 p - 2 scrolls of immolation {unknown}
 r - 3 scrolls of noise {unknown}
 u - 3 scrolls of teleportation {unknown}
 z - a scroll of magic mapping {unknown}
 A - 3 scrolls of fear {unknown}
 C - a scroll of brand weapon {unknown}
 G - a scroll of blinking {unknown}
 J - a scroll of amnesia {unknown}
Potions
 e - 2 potions of invisibility {unknown}
 f - 2 potions of mutation
 h - a potion of flight {unknown}
 i - 2 potions of curing {unknown}
 j - a potion of resistance {unknown}
 l - a potion of brilliance {unknown}
 m - 4 potions of might {unknown}
 o - 3 potions of degeneration {unknown}
 t - 4 potions of heal wounds {unknown}
 w - 2 potions of magic {unknown}
 F - a potion of ambrosia {unknown}
 H - a potion of cancellation {unknown}


   Skills:
 + Level 7.8 Fighting
 * Level 13.2 Polearms
 - Level 5.0 Armour
 + Level 8.9 Dodging


You had 9 spell levels left.
You didn't know any spells.
Your spell library was empty.

Dungeon Overview and Level Annotations

Branches:
Dungeon (7/15)             Temple (0/1) D:7           Sewer (visited)

Altars:
Gozag
Kikubaaqudgha
Qazlal
Uskayaw
Wu Jian
The Shining One


Innate Abilities, Weirdness & Mutations

((You are quick and stealthy near water. (Stealth+, EV+, Speed+++)))
Your lower body shifts to a powerful aquatic tail in water.
You are mostly covered in iridescent scales. (AC +4)
You are robust. (+10% HP)


Message History

The vampire mosquito draws strength from your injuries!
You closely miss the vampire mosquito.
The vampire mosquito is heavily damaged.
You impale the vampire mosquito!!
You destroy the vampire mosquito!
Trog accepts your kill.
You puncture the vampire mosquito!
The vampire mosquito is heavily damaged.
The vampire mosquito misses you.
You hit the vampire mosquito.
The vampire mosquito is severely damaged.
You hit the vampire mosquito but do no damage.
The vampire mosquito is severely damaged.
The vampire mosquito bites you.
The vampire mosquito draws strength from your injuries!
You closely miss the vampire mosquito.
The vampire mosquito is heavily damaged.
The vampire mosquito bites you.
The vampire mosquito draws strength from your injuries!
You puncture the vampire mosquito!
The vampire mosquito is severely damaged.
The vampire mosquito closely misses you.
You puncture the vampire mosquito!
You destroy the vampire mosquito!
Trog accepts your kill.
You puncture the two-headed ogre!
The two-headed ogre is poisoned.
The two-headed ogre is moderately wounded.
You are no longer berserk.
You are exhausted.
You feel yourself slow down.
The two-headed ogre hits you with a +0 giant club!!
The two-headed ogre closely misses you.
It was a potion of mutation.
You feel extremely strange.
You feel robust.
Iridescent scales grow over part of your body.
Iridescent scales spread over more of your body.
The two-headed ogre hits you with a +0 giant club!!
* * * LOW HITPOINT WARNING * * *
The two-headed ogre hits you with a +0 giant club!!
You die...

.#####.##.# #.# # ....>..##.#
#.# # .####....##### ### # .#
######...## #.# # .# #.#.'†...#
#..#### # .######".####'####
#...#..## # .....#...#.......#
#....#...### ...####'##.⌠.)†⌠.#
#....)#.....#
#..#888.##..⌠(..@##†...)?#...#.#
#..'.)..8#...⌠...OY....!###.##.#
#.##888.##....⌠..##....!)##.##.#
#..####+##.⌠...⌠.#
#....$#..##.## #.. #..[....#
#....#.)..... #... ####+####
#...#..##..# #. #..##.....# #.
#.#####.## ## #...


You could see a two-headed ogre (very poisoned) and a yak.

Vanquished Creatures
  An ugly thing (D:7)
  Grinder (D:3)
  A slime creature (D:7)
  A wyvern (D:7)
  2 vampire mosquitoes (D:7)
  An acid dragon (D:7)
  Duvessa (D:6)
  2 black bears
  2 sky beasts (D:7)
  2 ice beasts
  3 ogres
  2 centaurs
  3 phantoms
  2 bullfrogs (D:7)
  5 kobold brigands (Sewer)
  Dowan (D:6)
  A howler monkey (D:6)
  A bullfrog zombie (D:5)
  2 orc priests
  2 hounds (D:6)
  A gnoll shaman (D:7)
  A bullfrog skeleton (D:5)
  A scorpion zombie (D:5)
  Natasha (thrice) (D:3)
  3 orc wizards
  A hound skeleton (D:4)
  Robin (D:2)
  A howler monkey zombie (D:7)
  A howler monkey skeleton (D:6)
  11 adders
  3 gnolls (D:7)
  3 river rats (Sewer)
  An ufetubus (D:6)
  An adder skeleton (D:4)
  6 worms
  3 dart slugs
  14 orcs
  12 ball pythons
  5 endoplasms
  A giant cockroach (D:4)
  6 hobgoblins
  11 jackals
  7 kobolds
  4 quokkas
  2 bats
  5 frilled lizards
  13 goblins
  6 rats
163 creatures vanquished.

Notes
Turn   | Place    | Note
-------+----------+-------------------------------------------
     0 | D:1      | polve the Merfolk Berserker began the quest for the Orb.
     0 | D:1      | Reached XP level 1. HP: 18/18 MP: 1/1
   228 | D:1      | Reached XP level 2. HP: 23/24 MP: 2/2
   376 | D:1      | You fall into a shaft and drop 1 floor!
   530 | D:2      | Reached skill level 5 in Polearms
   597 | D:2      | Reached XP level 3. HP: 16/29 MP: 3/3
   877 | D:2      | Noticed Robin
   902 | D:2      | Reached ** piety under Trog
   909 | D:2      | Killed Robin
   917 | D:2      | Reached XP level 4. HP: 13/37 MP: 4/4
   935 | D:2      | HP: 1/37 [hobgoblin[Robin] (2)]
  2351 | D:3      | Reached skill level 6 in Polearms
  2351 | D:3      | Reached XP level 5. HP: 41/42 MP: 5/5
  2620 | D:3      | Found a hide-covered altar of Uskayaw.
  2702 | D:3      | Noticed Grinder
  2703 | D:3      | Noticed Natasha
  2716 | D:3      | Killed Grinder
  2717 | D:3      | Reached skill level 7 in Polearms
  2717 | D:3      | Reached XP level 6. HP: 47/49 MP: 6/6
  2718 | D:3      | Killed Natasha
  2961 | D:3      | Noticed Natasha
  2970 | D:3      | Killed Natasha
  3102 | D:3      | Noticed Natasha
  3111 | D:3      | Killed Natasha
  3222 | D:4      | Reached XP level 7. HP: 53/55 MP: 7/7
  3364 | D:4      | Reached skill level 8 in Polearms
  3374 | D:4      | Reached skill level 5 in Dodging
  3435 | D:4      | Found a glowing drain.
  3441 | Sewer    | Entered a sewer
  3663 | Sewer    | Reached skill level 5 in Fighting
  3807 | Sewer    | Reached *** piety under Trog
  4212 | Sewer    | Reached skill level 9 in Polearms
  4354 | Sewer    | Reached XP level 8. HP: 52/63 MP: 8/8
  5401 | D:5      | Entered Level 5 of the Dungeon
  5582 | D:5      | Reached skill level 10 in Polearms
  5829 | D:5      | Reached **** piety under Trog
  6393 | D:5      | Found an ornate altar of the Wu Jian Council.
  6427 | D:5      | Found a stormy altar of Qazlal.
  6441 | D:5      | Found a glowing golden altar of the Shining One.
  6444 | D:5      | Found an opulent altar of Gozag.
  6730 | D:6      | Reached XP level 9. HP: 70/70 MP: 9/9
  6828 | D:6      | Reached skill level 11 in Polearms
  7238 | D:6      | Noticed Dowan
  7240 | D:6      | Noticed Duvessa
  7262 | D:6      | Killed Duvessa
  7266 | D:6      | Killed Dowan
  7570 | D:6      | Found an ancient bone altar of Kikubaaqudgha.
  7960 | D:7      | Found a staircase to the Ecumenical Temple.
  8569 | D:7      | Found a flagged portal.
  8633 | D:7      | Reached skill level 12 in Polearms
  8857 | D:7      | Noticed a purple ugly thing
  8858 | D:7      | Noticed a two-headed ogre
  8881 | D:7      | Killed a purple ugly thing
  8882 | D:7      | Reached skill level 13 in Polearms
  8882 | D:7      | Reached skill level 5 in Armour
  8882 | D:7      | Reached XP level 10. HP: 80/80 MP: 10/10
  8897 | D:7      | Gained mutation: You are robust. (+10% HP) [potion of
                  | mutation]
  8897 | D:7      | Gained mutation: You are partially covered in iridescent
                  | scales. (AC +2) [potion of mutation]
  8897 | D:7      | Gained mutation: You are mostly covered in iridescent
                  | scales. (AC +4) [potion of mutation]
  8897 | D:7      | Mangled by a two-headed ogre

Illustrated notes

Levels and vault maps discovered:
D:1:      lightli_arrival_quake, layout_basic,
          hellmonk_ecumenical_altar_pennies_from_heaven
D:2:      layout_basic, serial_glass, glass_columns_b, glass_columns_a,
          minmay_close_crescents, uniq_robin
D:3:      layout_loops_ring, overflow_temple_1_default, uniq_grinder,
          uniq_natasha
D:4:      layout_loops_corners, gup_sewer_entry_spiral,
          minmay_misc_feat_secret_circle
D:5:      layout_rooms, grunt_temple_overflow_cloverleaf, minivault_23
D:6:      layout_basic, nicolae_kikubaaqudgha_miasma_corner, chequers_arboretum,
          uniq_duvessa
D:7:      minmay_chambers_of_sevens, layout_loops_ring, makhleb_grotto_becter,
          minmay_temple_entry_offerings, enter_bailey_5, nicolae_sextant

Skill      XL: |  1  2  3  4  5  6  7  8  9 |
---------------+----------------------------+-----
Dodging        | 3 4 5 7 8 |  8.9
Polearms       | 5 6 7 9 10 13 | 13.2
Armour         | 2 3 4 5 |  5.0
Fighting       | 4 5 6 7 |  7.8

Action                   |  1- 3 |  4- 6 |  7- 9 | 10-12 || total
-------------------------+-------+-------+-------+-------++-------
Melee: Spear             |    70 |   117 |   576 |    14 ||   777
       Tailslap          |       |       |    15 |       ||    15
Invok: Berserk           |     2 |     3 |    17 |       ||    22
  Use: Potion            |       |       |       |     1 ||     1
 Stab: Sleeping          |     1 |     4 |     7 |       ||    12
Armor: Animal skin       |     8 |     5 |    28 |       ||    41
Dodge: Dodged            |    20 |    33 |   180 |     4 ||   237
       Repelled          |       |       |     1 |       ||     1

Table legend: (Time is in decaauts)
 A = Elapsed time spent in this place.
 B = Non-inter-level travel time spent in this place.
 C = Inter-level travel time spent in this place.
 D = Time resting spent in this place.
 E = Time spent auto-exploring this place.
 F = Levels seen in this place.
 G = Mean time per level.
                   A        B        C        D        E       F      G
               +--------+--------+--------+--------+--------+-----+--------+
         Total |   8625 |   8475 |    150 |    180 |   7297 |   8 | 1078.1 |
       Dungeon |   7627 |   7477 |    150 |    137 |   6515 |   7 | 1089.6 |
         Sewer |    998 |    998 |      0 |     42 |    781 |   1 |  998.0 |
               +--------+--------+--------+--------+--------+-----+--------+

Top non-repeatable levels by time:
     D:2: 1905 daAuts
     D:6: 1414 daAuts
     D:5: 1077 daAuts
     D:4: 1065 daAuts
   Sewer: 998 daAuts
     D:3: 897 daAuts
     D:7: 894 daAuts
     D:1: 373 daAuts
